 Dungeon Crawl Stone Soup version 0.17-a0-1636-g3119f2b (webtiles) character file.

399 maniek23 the Sneak (level 6, -1/47 HPs)
             Began as a Demonspawn Assassin on Aug 5, 2015.
             Slain by a gnoll
             ... wielding a +0 spear
              (7 damage)
             ... on level 4 of the Dungeon.
             The game lasted 00:12:53 (3527 turns).

maniek23 the Sneak (Demonspawn Assassin)            Turns: 3527, Time: 00:12:53

Health: -1/47      AC:  4    Str: 12    XL:     6   Next: 54%
Magic:  6/6        EV: 13    Int: 12    God:
Gold:   200        SH:  0    Dex: 16    Spells: 0 memorised, 5 levels left

rFire  . . .     SeeInvis .     a - +1 short sword (speed)
rCold  + . .     Clarity  +     c - +0 robe
rNeg   . . .     SustAt   .     (no shield)
rPois  .         Gourm    .     (helmet restricted)
rElec  .         Spirit   .     d - +0 cloak
rCorr  .         Warding  .     (no gloves)
rMut   .         Stasis   .     (no boots)
MR     .....                    q - amulet of clarity
Stlth  +++.......               A - ring of wizardry
                                o - ring of protection from cold

@: not resistant to hostile enchantments, fairly stealthy
A: horns 2, icy blue scales 1
a: no special abilities


You were on level 4 of the Dungeon.
You were not hungry.

You visited 1 branch of the dungeon, and saw 4 of its levels.

You collected 200 gold pieces.

Inventory:

Hand weapons
 a - a +1 short sword of speed (weapon)
 b - a +0 blowgun
 y - a +2 dagger
Missiles
 r - 101 stones (quivered)
Armour
 c - a +0 robe (worn)
 d - a +0 cloak (worn)
 p - a +0 leather armour
Jewellery
 o - a ring of protection from cold (left hand)
 q - an amulet of clarity (around neck)
 s - an uncursed amulet of the gourmand
 A - a ring of wizardry (right hand)
Magical devices
 w - a wand of hasting (6)
 B - a wand of slowing (20)
 H - a wand of cold (7)
Scrolls
 h - 2 scrolls of identify
 i - a scroll of random uselessness
 k - a scroll of magic mapping
 m - a scroll of amnesia
 u - 2 scrolls of teleportation
 x - 2 scrolls of immolation
 C - a scroll of remove curse
 E - a scroll of enchant armour
Potions
 z - a potion of curing {unknown}
 D - 2 potions of flight
Books
 F - a book of Fire

   Spells                             Type                      Level
   a - Ignite Poison                  Fire/Transmutation/Poison    3
   b - Fireball                       Conjuration/Fire             5
   c - Bolt of Fire                   Conjuration/Fire             6
   d - Delayed Fireball               Conjuration/Fire             7
   e - Ring of Flames                 Charms/Fire                  7
Comestibles
 g - 3 bread rations
 j - 3 meat rations
 l - 5 fruits
 n - 2 beef jerkies
 t - a slice of pizza
 G - a chunk of flesh


   Skills:
 + Level 3.1 Fighting
 + Level 3.2 Short Blades
 * Level 4.0 Throwing
 + Level 2.5 Dodging
 + Level 4.4 Stealth


You had 5 spell levels left.
You didn't know any spells.

Dungeon Overview and Level Annotations

Branches:
Dungeon (4/15)
 Temple: D:4-7

Altars:

Annotations:
D:4 Blork the orc


Innate Abilities, Weirdness & Mutations

You have a pair of horns on your head.
You are partially covered in icy blue scales (AC +1).


Message History

You shoot a curare-tipped needle.
The curare-tipped needle closely misses the gnoll.
The gnoll shouts!
Firing (i - inventory. (,) - cycle):
f - a curare-tipped needle (quivered)
Press: ? - help, Shift-Dir - straight line, f/p - gnoll
Aim: a gnoll, wielding a spear You shoot a curare-tipped needle.
The curare-tipped needle barely misses the gnoll.
Your hands tingle!
a - a +1 short sword of speed (weapon)
You are too injured to fight recklessly!
The gnoll hits you with a spear.
* * * LOW HITPOINT WARNING * * *
You hit the gnoll.
The gnoll is lightly wounded.
The gnoll closely misses you.
You hit the gnoll. You headbutt the gnoll.
The gnoll is severely wounded.
The gnoll hits you with a spear!
You die...

#.# #.# #...........#####..#..
#.# ###.#####.#.#......##.#...#..
#.###..................##.#>.##..
............#.#.#......##.#####..
#####.#.###.#.....####.##.##.##.(
# #)#.# #[......# #.#...#....# #
#)#.# #.###...# #.......#### #
#.#.###.###...# #.......# #
##.....(....g@.# ##......#
####......(...##..# ##...#.#
..................#######.##.#
.......####.#................#
######## #.##################
###########.# ............#
############# #


You could see a gnoll.

Vanquished Creatures
  Sigmund (D:2)
  Natasha (D:2)
  An iguana (D:4)
  A worker ant (D:3)
  Robin (D:3)
  4 gnolls (D:4)
  4 adders
  2 oozes
  A giant gecko (D:3)
  4 orcs
  5 bats
  9 hobgoblins
  3 jackals (D:4)
  5 kobolds
  A giant cockroach (D:4)
  A giant gecko skeleton (D:3)
  4 giant newts
  19 goblins
  A quokka (D:2)
  9 rats
77 creatures vanquished.

Notes
Turn   | Place    | Note
--------------------------------------------------------------
     0 | D:1      | maniek23 the Demonspawn Assassin began the quest for the Orb.
     0 | D:1      | Reached XP level 1. HP: 16/16 MP: 1/1
   335 | D:1      | Gained mutation: You have a pair of small horns on your head. [demonic ancestry]
   335 | D:1      | Reached XP level 2. HP: 19/22 MP: 2/2
   973 | D:2      | Reached skill level 1 in Dodging
  1027 | D:2      | Reached XP level 3. HP: 15/27 MP: 3/3
  1332 | D:2      | Found a faded altar to an unknown god.
  1335 | D:2      | Noticed Sigmund
  1353 | D:2      | Killed Sigmund
  1353 | D:2      | Reached skill level 4 in Stealth
  1353 | D:2      | Gained mutation: You have a pair of horns on your head. [demonic ancestry]
  1353 | D:2      | Reached XP level 4. HP: 8/34 MP: 4/4
  1353 | D:2      | Gained mutation: You are partially covered in icy blue scales (AC +1). [demonic ancestry]
  1353 | D:2      | Reached XP level 5. HP: 9/40 MP: 5/5
  1661 | D:2      | Noticed Natasha
  1665 | D:2      | Killed Natasha
  2084 | D:3      | Reached XP level 6. HP: 47/47 MP: 6/6
  2116 | D:3      | Noticed Robin
  2147 | D:3      | Killed Robin
  3412 | D:4      | Noticed Blork the orc
  3451 | D:4      | HP: 2/47 [something (2)]
  3527 | D:4      | Slain by a gnoll

Vault maps used:
D:1:      elethiomel_arrival_maze
D:2:      ecumenical_altar_1, uniq_sigmund, uniq_natasha
D:3:      uniq_robin
D:4:      serial_shops, nicolae_shop_behind_doors, first_bread,
          grunt_ministairs_6, minmay_misc_feat_more_columns, uniq_blork_the_orc

Action                   |  1- 3 |  4- 6 || total
-------------------------+-------+-------++-------
Melee: Dagger            |    77 |    35 ||   112
       Short sword       |       |    91 ||    91
 Fire: Blowgun           |    10 |    31 ||    41
Throw: Stone             |    10 |    14 ||    24
  Use: Scroll            |       |    13 ||    13
 Stab: Sleeping          |     6 |     9 ||    15
  Eat: Chunk             |     1 |     7 ||     8
